 Dungeon Sprint DCSS version 0.24-a0-487-g57318f2ed0 (webtiles) character file.

Game seed: 15373849583321161670

3900000 Groucho the Axe Maniac (level 21, -103/204 HPs)
             Began as a Demonspawn Assassin on July 9, 2019.
             Was the Champion of Makhleb.
             Annihilated by a destroyer
             ... wielding a +9 great sword of slicing
              (190 damage)
             ... in the Dungeon (Sprint VIII: "Arena of Blood").
             The game lasted 00:04:05 (39 turns).

Groucho the Axe Maniac (Demonspawn Assassin)          Turns: 39, Time: 00:04:06

Health: -103/204   AC:  9    Str: 18    XL:     21   Next: 61%
Magic:  46/46      EV: 43    Int: 13    God:    Makhleb [******]
Gold:   0          SH:  0    Dex: 28    Spells: 62/62 levels left

rFire    + . .     SeeInvis .   m - +∞ Axe of Woe
rCold    + . .     Gourm    .   (shield currently unavailable)
rNeg     . . .     Faith    .   b - +0 robe
rPois    .         Spirit   .   (no helmet)
rElec    .         Reflect  .   c - +0 cloak
rCorr    .         Harm     .   (no gloves)
MR       +....     NoTele   +   (boots unavailable)
Stlth    ++++++++++             (no amulet)
HPRegen  0.44/turn              (no ring)
MPRegen  0.30/turn              (no ring)

@: mighty, agile
A: hooves 3, molten scales 3, cold resistance 1, powered by pain 2, spiny 2
a: Minor Destruction, Lesser Servant of Makhleb, Major Destruction, Greater
Servant of Makhleb, Renounce Religion


You were in the Dungeon.
You worshipped Makhleb.
Makhleb was exalted by your worship.
You were not hungry.

You visited 1 branch

Inventory:

Hand Weapons
 a - a +2 dagger
 m - the +∞ Axe of Woe (weapon)
   (You found it in the Dungeon)
Missiles
 d - 8 poisoned darts (quivered)
 e - 2 curare-tipped darts
Armour
 b - a +0 robe (worn)
 c - a +0 cloak (worn)
Scrolls
 l - a scroll of blinking
Potions
 g - a potion of curing
 i - a potion of haste
 j - 2 potions of magic
 k - a potion of berserk rage
Comestibles
 f - a ration


   Skills:
 O Level 27 Fighting
 + Level 22.6 Short Blades
 O Level 27 Axes
 + Level 22.6 Throwing
 + Level 21.2 Armour
 O Level 27 Dodging
 O Level 27 Stealth
 + Level 21.1 Unarmed Combat
 + Level 21.1 Spellcasting
 O Level 27 Invocations


You had 62 spell levels left.
You didn't know any spells.
Your spell library was empty.

Dungeon Overview and Level Annotations

Branches:
Dungeon (1/1)

Altars:
Makhleb


Innate Abilities, Weirdness & Mutations

You have hooves in place of feet.
You are completely covered in molten scales. (AC +4, rF+)
Your flesh is cold resistant. (rC+)
You sometimes gain power by taking damage.
You are mostly covered in sharp spines.


Message History

You hear a shout! x4
The eight-headed meat hydra calls on the powers of darkness!
The eight-headed meat hydra convulses!
Your body is wracked with pain!
You focus on the pain.
You feel your power returning.
You hear a shout! x3
Two crawling corpses merge to form a small abomination.
You hear a shout! x4
Unknown command.
Unknown command.
The destroyer appears out of thin air!
A destroyer comes into view.
It is wielding a +9 great sword of slicing.
You hear a shout! x4
A meat berserker comes into view. It is wielding a +9 battleaxe.
You hear a shout!
The small abomination is struck by your spines.
The small abomination hits you!
The destroyer shouts!
The destroyer hits you with a +9 great sword of slicing!!!!!
Ouch! That really hurt!
You die...

... ..... #..
...# . #.D ...#
. .D###..
.VV###..
.z....###......
......._)......
#).)xz# #_x<)_#
#.@).x#
.......V_.......
.......###......
..###.. ...###..
. #.. ...# . #..
o..# ... .....
.O.. ..


You could see an eight-headed meat hydra, 3 destroyers, a sculptor of flesh, a
meat berserker (berserk), 2 small abominations and a crawling corpse.

Vanquished Creatures
  3 vampire knights (D)
  7 ogres (D)
  14 orcs (D)
  A skeletal warrior (D)
  A small abomination (D)
  2 large abominations (D)
28 creatures vanquished.

Notes
Turn   | Place    | Note
-------+----------+-------------------------------------------
     0 | D        | Found the +∞ Axe of Woe
     0 | D        | Groucho the Demonspawn Assassin began the quest for the
                  | Orb.
     0 | D        | Reached XP level 1. HP: 16/16 MP: 1/1
     3 | D        | Noticed a meat berserker
     3 | D        | Killed a meat berserker
     3 | D        | Reached skill level 10 in Short Blades
     3 | D        | Reached skill level 5 in Axes
     3 | D        | Reached skill level 10 in Throwing
     3 | D        | Gained mutation: You are partially covered in sharp spines.
                  | [demonic ancestry]
     3 | D        | Reached XP level 2. HP: 37/37 MP: 2/2
     3 | D        | Reached XP level 3. HP: 43/43 MP: 3/3
     3 | D        | Reached XP level 4. HP: 50/50 MP: 4/4
     3 | D        | Gained mutation: You are mostly covered in sharp spines.
                  | [demonic ancestry]
     3 | D        | Reached XP level 5. HP: 56/56 MP: 5/5
     3 | D        | Gained mutation: You are partially covered in molten
                  | scales. (AC +2) [demonic ancestry]
     3 | D        | Reached XP level 6. HP: 62/62 MP: 6/6
     3 | D        | Gained mutation: You sometimes gain a little power by
                  | taking damage. [demonic ancestry]
     3 | D        | Reached XP level 7. HP: 68/68 MP: 7/7
     3 | D        | Gained mutation: You have large cloven feet. [demonic
                  | ancestry]
     3 | D        | Reached XP level 8. HP: 75/75 MP: 8/8
     3 | D        | Reached XP level 9. HP: 81/81 MP: 9/9
     3 | D        | Reached XP level 10. HP: 88/88 MP: 10/10
     3 | D        | Gained mutation: You have hoof-like feet. [demonic
                  | ancestry]
     3 | D        | Reached XP level 11. HP: 93/93 MP: 11/11
     3 | D        | Reached XP level 12. HP: 100/100 MP: 12/12
     3 | D        | Gained mutation: You are mostly covered in molten scales.
                  | (AC +3) [demonic ancestry]
     3 | D        | Reached XP level 13. HP: 106/106 MP: 13/13
     3 | D        | Noticed a bag of meat
     3 | D        | Noticed a bag of meat
     3 | D        | Noticed a bag of meat
     3 | D        | Noticed a bag of meat
     4 | D        | Noticed a bag of meat
     5 | D        | Became a worshipper of Makhleb the Destroyer
     9 | D        | Killed a bag of meat
     9 | D        | Noticed a meat berserker
     9 | D        | Noticed a bag of meat
    10 | D        | Noticed a meat berserker
    13 | D        | Noticed a meat berserker
    13 | D        | Noticed a meat berserker
    13 | D        | Noticed a bag of meat
    14 | D        | Killed a meat berserker
    14 | D        | Reached * piety under Makhleb
    14 | D        | Reached XP level 14. HP: 65/113 MP: 14/14
    15 | D        | Killed a meat berserker
    15 | D        | Gained mutation: You sometimes gain power by taking damage.
                  | [demonic ancestry]
    15 | D        | Reached XP level 15. HP: 69/119 MP: 15/15
    15 | D        | Killed a meat berserker
    15 | D        | Reached XP level 16. HP: 73/126 MP: 16/16
    16 | D        | Noticed a meat berserker
    17 | D        | Killed a meat berserker
    17 | D        | Reached ** piety under Makhleb
    19 | D        | Killed a meat berserker
    19 | D        | Reached skill level 27 in Axes
    19 | D        | Reached skill level 27 in Dodging
    19 | D        | Reached XP level 17. HP: 120/138 MP: 16/25
    21 | D        | Reached *** piety under Makhleb
    21 | D        | Reached XP level 18. HP: 164/164 MP: 16/33
    22 | D        | Reached **** piety under Makhleb
    22 | D        | Reached skill level 27 in Invocations
    24 | D        | Noticed a destroyer
    25 | D        | Reached skill level 27 in Fighting
    25 | D        | Reached skill level 5 in Spellcasting
    25 | D        | Gained mutation: You have hooves in place of feet. [demonic
                  | ancestry]
    25 | D        | Reached XP level 19. HP: 189/189 MP: 17/36
    27 | D        | Reached ***** piety under Makhleb
    27 | D        | Killed a destroyer
    27 | D        | Reached skill level 15 in Short Blades
    27 | D        | Reached skill level 15 in Throwing
    27 | D        | Reached skill level 27 in Stealth
    27 | D        | Noticed a meat berserker
    28 | D        | Gained mutation: Your flesh is cold resistant. (rC+)
                  | [demonic ancestry]
    28 | D        | Reached XP level 20. HP: 197/197 MP: 36/38
    29 | D        | Noticed an eight-headed meat hydra
    30 | D        | Reached skill level 15 in Armour
    30 | D        | Reached skill level 15 in Unarmed Combat
    30 | D        | Reached skill level 15 in Spellcasting
    32 | D        | Noticed a destroyer
    34 | D        | Noticed a destroyer
    34 | D        | Killed a meat berserker
    34 | D        | Noticed a destroyer
    34 | D        | Noticed an eight-headed meat hydra
    34 | D        | Noticed a destroyer
    35 | D        | Reached ****** piety under Makhleb
    37 | D        | Killed a destroyer
    37 | D        | Gained mutation: You are completely covered in molten
                  | scales. (AC +4, rF+) [demonic ancestry]
    37 | D        | Reached XP level 21. HP: 191/204 MP: 40/43
    37 | D        | Killed a destroyer
    39 | D        | Noticed a destroyer
    39 | D        | Annihilated by a destroyer

Levels and vault maps discovered:
D:        meatsprint

Skill      XL: |  1  2  3  4  5  6  7  8  9 10 11 12 13 14 15 16 17 18 19 20 21 |
---------------+----------------------------------------------------------------+-----
Fighting       | 11 13 20 27 | 27.0
Short Blades   | 10 11 16 20 22 | 22.6
Axes           | 5 17 20 23 27 | 27.0
Throwing       | 10 11 16 20 22 | 22.6
Dodging        | 3 16 20 23 27 | 27.0
Stealth        | 25 27 | 27.0
Invocations    | 11 22 27 | 27.0
Armour         | 4 14 19 21 | 21.2
Unarmed Combat | 4 14 19 21 | 21.1
Spellcasting   | 5 14 18 21 | 21.1

Action                   |  1- 3 |  4- 6 |  7- 9 | 10-12 | 13-15 | 16-18 | 19-21 || total
-------------------------+-------+-------+-------+-------+-------+-------+-------++-------
Melee: Executioner's axe |     1 |       |       |       |     3 |     7 |     7 ||    18
  Use: Potion            |       |       |       |       |       |       |     1 ||     1
Dodge: Dodged            |       |       |       |       |     1 |       |     1 ||     2

Table legend:
 A = Non-vault XP
 B = Vault XP
 C = Vault XP percentage of total XP
 D = Non-vault monster count
 E = Vault monster count
 F = Vault count percentage of total count
                 A         B        C        D         E       F
            +---------+---------+-------+---------+---------+-------
      Total |  401246 |  259020 |  39.2 |      14 |      14 |  50.0
            +---------+---------+-------+---------+---------+-------
          D |  401246 |  259020 |  39.2 |      14 |      14 |  50.0
            +---------+---------+-------+---------+---------+-------
